 Dungeon Crawl Stone Soup version 0.23.0 (webtiles) character file.

Game seed: 7075186734962903464

53 BeasterDot the Conjurer (level 3, 0/19 HPs)
             Began as a Deep Elf Conjurer on Feb 14, 2019.
             Slain by a gnoll
             ... wielding a +0 spear
              (5 damage)
             ... on level 3 of the Dungeon.
             The game lasted 00:05:49 (1568 turns).

BeasterDot the Conjurer (Deep Elf Conjurer)         Turns: 1568, Time: 00:05:50

Health: 0/19       AC:  5    Str:  5    XL:     3   Next: 64%
Magic:  9/10       EV: 10    Int: 20    God:
Gold:   36         SH:  0    Dex: 15    Spells: 8/9 levels left

rFire    . . .     SeeInvis .   (no weapon)
rCold    . . .     Gourm    .   (no shield)
rNeg     . . .     Faith    .   j - +0 robe (curse)
rPois    .         Spirit   .   (no helmet)
rElec    .         Reflect  .   (no cloak)
rCorr    .         Harm     .   (no gloves)
MR       .....                  (no boots)
Stlth    ++........             l - amulet of rage
HPRegen  0.06/turn              i - +3 ring of protection
MPRegen  0.12/turn              (no ring)

@: constricted
A: no striking features
a: Evoke Berserk Rage


You were on level 3 of the Dungeon.
You were not hungry.

You visited 1 branch of the dungeon, and saw 3 of its levels.

You collected 36 gold pieces.

Inventory:

Missiles
 g - 31 stones (quivered)
 h - 12 arrows
Armour
 a - a +0 robe
 j - a cursed +0 robe (worn)
Jewellery
 i - a +3 ring of protection (left hand)
 l - an amulet of rage (around neck)
Scrolls
 b - a scroll of enchant armour {unknown}
 f - a scroll of teleportation {unknown}
 m - a scroll of enchant weapon {unknown}
Potions
 e - a potion of heal wounds {unknown}
 k - a potion of invisibility {unknown}
Comestibles
 c - 6 rations
 d - 5 chunks of flesh


   Skills:
 + Level 2.5 Dodging
 + Level 2.6 Stealth
 * Level 3.9 Spellcasting
 + Level 5.4 Conjurations


You had 8 spell levels left.
You knew the following spells:

 Your Spells              Type           Power        Failure   Level  Hunger
a - Magic Dart            Conj           ####         1%          1    None

Your spell library contained the following spells:

 Spells                   Type           Power        Failure   Level  Hunger
 Searing Ray              Conj           ####..       2%          2    ##.....
 Dazzling Spray           Conj/Hex       ##....       13%         3    ###....
 Iskenderun's Mystic Bla  Conj           ####....     14%         4    ####...
 Force Lance              Conj/Tloc      ##......     38%         4    ####...
 Fulminant Prism          Conj/Hex       ##........   38%         4    ####...


Dungeon Overview and Level Annotations

Branches:
Dungeon (2/15)

Altars:


Message History

The gnoll completely misses you.
You struggle against the net.
The gnoll hits you from afar with a +0 spear.
The ball python barely misses you. x2
The gnoll hits you from afar with a +0 spear.
You fail to use your ability.
The gnoll hits you but does no damage. The gnoll barely misses you.
The ball python barely misses you. The ball python grabs you.
The ball python constricts you.
The gnoll hits you from afar with a +0 spear.
You fail to use your ability.
The ball python bites you but does no damage.
The ball python constricts you. The gnoll hits you but does no damage.
The gnoll hits you from afar with a +0 halberd.
* * * LOW HITPOINT WARNING * * *
The gnoll completely misses you.
The ball python bites you but does no damage.
The ball python constricts you.
You shred the net and break free!
The gnoll hits you from afar with a +0 spear.
You die...

#######
##.....#..
#@.........
#..S.........
PP....ggg.......
#..###.g.........
#. .......(....
.............
..............
..............


You could see 4 gnolls and a ball python.

Vanquished Creatures
  An adder (D:2)
  3 dart slugs (D:1)
  4 leopard geckos
  2 ball pythons
  2 bats
  2 giant cockroaches
  4 goblins
  3 hobgoblins
  3 frilled lizards
  3 kobolds (D:1)
  9 rats
36 creatures vanquished.

Notes
Turn   | Place    | Note
-------+----------+-------------------------------------------
     0 | D:1      | BeasterDot the Deep Elf Conjurer began the quest for the
                  | Orb.
     0 | D:1      | Reached XP level 1. HP: 10/10 MP: 6/6
   402 | D:1      | Reached XP level 2. HP: 15/15 MP: 5/8
   743 | D:1      | Reached skill level 5 in Conjurations
  1110 | D:2      | Reached XP level 3. HP: 19/19 MP: 6/10
  1559 | D:2      | You fall through a shaft!
  1568 | D:3      | Slain by a gnoll

Skill      XL: |  1  2 |
---------------+-------+-----
Conjurations   | 5 |  5.4
Dodging        | |  2.5
Stealth        | |  2.6
Spellcasting   | |  3.9

Action                   || total
-------------------------++-------
Melee: Unarmed           ||     4
 Cast: Magic Dart        ||    71
  Eat: Chunk             ||     2
Armor: Robe              ||     7
Dodge: Dodged            ||    24
